 Dungeon Sprint DCSS version 0.31-a0-626-g8143ab4f1d (webtiles) character file.

Game seed: 4046736109868606349

296 rocky1 the Protected (level 6, -4/49 HPs)
             Began as a Djinni Fighter on Aug 25, 2023.
             Was an Initiate of Gozag.
             Slain by a spatial vortex (16 damage)
             ... in the Dungeon (Sprint III: "The Ten Rune Challenge").
             The game lasted 00:01:29 (987 turns).

rocky1 the Protected (Djinni Fighter)                Turns: 987, Time: 00:01:30

Health: -4/49      AC:  8    Str: 15    XL:     6   Next: 62%
Gold:   45         EV: 10    Int: 10    God:    Gozag SH:  5 Dex: 14

rFire   + + .        a - +0 long sword
rCold   x . .        c - +0 buckler
rNeg    . . .        b - +0 scale mail
rPois   ∞            (no helmet)
rElec   .            (no cloak)
rCorr   .            (no gloves)
SInv    .            (boots unavailable)
Will    .....        (no amulet) Stlth
                     (no ring)
HPRegen 0.28/turn    (no ring)
MPRegen 0.00/turn

%: no teleportation, infuse magic (-5 HP)
@: flying
A: sickness immunity, fire resistance 2, cold vulnerability 1, float, innate
caster, HP casting, extra vitality 1
a: Renounce Religion, Potion Petition, Call Merchant, Bribe Branch


You were in the Dungeon.
You worshipped Gozag.
Gozag was noncommittal.
You visited 1 branch You collected 45 gold pieces.

Inventory:

Hand Weapons
 a - a +0 long sword (weapon)
Armour
 b - a +0 scale mail (worn)
 c - a +0 buckler (worn)
Scrolls
 i - a scroll of blinking
 k - 2 scrolls of immolation {unknown}
 l - 4 scrolls of identify
Potions
 d - a potion of might
 e - a potion of curing
 g - a potion of haste
 j - 5 potions of mutation
 m - a potion of magic {unknown}
 n - 2 potions of enlightenment


   Skills:
 + Level 5.6 Fighting
 * Level 6.8 Long Blades
 + Level 8.2 Armour
 + Level 2.4 Dodging
 + Level 5.9 Shields


You knew the following spells:

 Your Spells              Type           Power      Damage    Failure   Level
a - Kiss of Death         Conj/Necr      0%         2d5       83%         1
b - Ensorcelled Hibernat  Hex/Ice        0%         N/A       93%         2
Your spell library was empty.

Dungeon Overview and Level Annotations

Branches:
Dungeon (1/1)

Altars:
Cheibriados
Fedhas
Gozag
Hepliaklqana
Makhleb
Nemelex Xobeh
Qazlal
Xom
Jiyva
Lugonu


Innate Abilities, Weirdness & Mutations

You are immune to sickness and miasma.
You are immune to poison.
Your flesh is very heat resistant. (rF++)
You are vulnerable to cold. (rC-)
You float through the air rather than walking.
You learn spells naturally, not from books.
Your magical power is your life essence.
You have superior vitality. (+4 MHP)


Message History

The spatial vortex is lightly damaged.
You hit the spatial vortex.
The spatial vortex is lightly damaged.
The spatial vortex hits you but does no damage.
You slash the spatial vortex!
The spatial vortex is heavily damaged.
You hit the spatial vortex.
The spatial vortex is heavily damaged.
You slash the spatial vortex!
The spatial vortex is heavily damaged.
You barely miss the spatial vortex.
The spatial vortex is heavily damaged.
You hit the spatial vortex.
The spatial vortex is severely damaged.
You hit the spatial vortex but do no damage.
The spatial vortex is severely damaged.
The spatial vortex hits you!!
Ouch! That really hurt!
* * * LOW HITPOINT WARNING * * *
You are too injured to fight recklessly!
You are too injured to fight recklessly!
You are too injured to fight recklessly!
You hit the spatial vortex.
The spatial vortex is severely damaged.
You hit the spatial vortex but do no damage.
The spatial vortex is severely damaged.
You block the spatial vortex's attack.
You hit the spatial vortex.
The spatial vortex is severely damaged.
You hit the spatial vortex.
The spatial vortex is almost destroyed.
You barely miss the spatial vortex.
The spatial vortex is almost destroyed.
You hit the spatial vortex but do no damage.
The spatial vortex is almost destroyed.
You hit the spatial vortex.
The spatial vortex is almost destroyed.
The spatial vortex hits you!
You die...
Your body crumbles into a pile of gold.

....♣ ♣♣.# ...♣♣ ♣..#
...~♣♣♣♣..###+#+###+##
..~~♣.....#..........#
.~~~~.♣♣♣.'.⌠........#
.~≈≈~~~♣♣.#...######'#
~~≈~~~....#.⌠.#__#...#
~≈~~~.....#...#__#...#
~~~.......#+###_@#...#
..........# #_v#...+
..........# #__'...#
▓▓▓▓▓▓▓▓▓▓▓ ▓▓▓▓▓▓▓▓


You could see a spatial vortex.

Vanquished Creatures
  A shadow (D)
  A water elemental (D)
  A jelly (D)
  Jessica (D)
  A human (D)
  A wolf (D)
  An endoplasm (D)
  2 rats (D)
9 creatures vanquished.

Notes
Turn   | Place    | Note
-------+----------+-------------------------------------------
     0 | D        | rocky1 the Djinni Fighter began the quest for the Orb.
     0 | D        | Reached XP level 1. HP: 20/20 MP: 0/0
    20 | D        | Noticed Jessica
    29 | D        | Killed Jessica
    30 | D        | Reached skill level 4 in Armour
    30 | D        | Reached XP level 2. HP: 8/26 MP: 0/0
    30 | D        | Reached XP level 3. HP: 9/31 MP: 0/0
    30 | D        | Learned a level 1 spell: Kiss of Death
   521 | D        | Reached skill level 5 in Armour
   521 | D        | Reached XP level 4. HP: 30/38 MP: 0/0
   687 | D        | Noticed a water elemental
   692 | D        | Killed a water elemental
   693 | D        | Reached skill level 5 in Fighting
   693 | D        | Reached skill level 6 in Armour
   693 | D        | Reached skill level 1 in Dodging
   693 | D        | Reached skill level 5 in Shields
   693 | D        | Reached XP level 5. HP: 43/43 MP: 0/0
   693 | D        | Learned a level 2 spell: Ensorcelled Hibernation
   746 | D        | Reached skill level 5 in Long Blades
   761 | D        | Noticed a shadow
   773 | D        | Killed a shadow
   774 | D        | Reached skill level 8 in Armour
   774 | D        | Reached XP level 6. HP: 25/49 MP: 0/0
   962 | D        | Found a blossoming altar of Fedhas.
   962 | D        | Found a stormy altar of Qazlal.
   962 | D        | Found a snail-covered altar of Cheibriados.
   962 | D        | Found a burning altar of Makhleb.
   962 | D        | Found a shimmering altar of Xom.
   963 | D        | Found a hazy altar of Hepliaklqana.
   963 | D        | Found an opulent altar of Gozag.
   963 | D        | Found a sparkling altar of Nemelex Xobeh.
   963 | D        | Found a corrupted altar of Lugonu.
   963 | D        | Found a viscous altar of Jiyva.
   963 | D        | Noticed a spatial vortex
   967 | D        | Became a worshipper of Gozag Ym Sagoz the Greedy
   987 | D        | Slain by a spatial vortex

Illustrated notes

Levels and vault maps discovered:
D:        dungeon_sprint_mu [sprint_mu_entry_forest, sprint_mu_temple_rooms,
          sprint_mu_d1_spiders, sprint_mu_d2_genie, sprint_mu_d3_branching,
          sprint_mu_orc_legion, sprint_mu_elf_gauntlet, sprint_mu_hive_nellie,
          sprint_mu_lair_fedhas, sprint_mu_vaults_butterflies,
          sprint_mu_slime_circle, sprint_mu_swamp_cave, sprint_mu_snake_twists,
          sprint_mu_blade_basic, sprint_mu_crypt_lich, sprint_mu_tomb_spiral,
          sprint_mu_vestibule_basic, sprint_mu_gehenna_hellfire,
          sprint_mu_dis_giant, sprint_mu_tartarus_statrot,
          sprint_mu_cocytus_islands, sprint_mu_zot1]

Skill      XL: |  1  2  3  4  5 |
---------------+----------------+-----
Fighting       | 4 5 |  5.6
Long Blades    | 3 4 6 |  6.8
Armour         | 4 5 6 8 |  8.2
Shields        | 4 5 |  5.9
Dodging        | 1 2 |  2.4

Action                     |  1- 3 |  4- 6 || total
---------------------------+-------+-------++-------
  Melee: Long sword        |    47 |    37 ||    84
    Use: Potion            |       |     2 ||     2
 Armour: Scale mail        |    19 |     5 ||    24
  Dodge: Dodged            |    15 |     3 ||    18
  Block: Buckler           |    16 |     2 ||    18

Table legend: (Time is in decaauts)
 A = Elapsed time spent in this place.
 B = Non-inter-level travel time spent in this place.
 C = Inter-level travel time spent in this place.
 D = Time resting spent in this place.
 E = Time spent auto-exploring this place.
 F = Levels seen in this place.
 G = Mean time per level.
                   A        B        C        D        E       F      G
               +--------+--------+--------+--------+--------+-----+--------+
         Total |   1012 |   1012 |      0 |    783 |      0 |   1 | 1012.0 |
       Dungeon |   1012 |   1012 |      0 |    783 |      0 |   1 | 1012.0 |
               +--------+--------+--------+--------+--------+-----+--------+

Top non-repeatable levels by time:
       D: 1012 daAuts
